 Dungeon Crawl Stone Soup version 0.18-a0-1778-gadce9fa (webtiles) character file.

20 4thArraOfDagon the Digger (level 2, 0/24 HPs)
             Began as a Troll Earth Elementalist on Apr 16, 2016.
             Slain by a wight
             ... wielding a cursed +3 war axe of freezing
              (2 damage)
             ... on level 6 of the Dungeon.
             The game lasted 00:02:09 (496 turns).

4thArraOfDagon the Digger (Troll Earth Elementalist) Turns: 496, Time: 00:02:09

Health: 0/24       AC:  5    Str: 15    XL:     2   Next: 58%
Magic:  2/2        EV:  9    Int: 11    God:
Gold:   66         SH:  0    Dex: 10    Spells: 1 memorised, 2 levels left

rFire  . . .     SeeInvis .       - Unarmed
rCold  . . .     Gourm    +     a - +0 robe
rNeg   . . .     Faith    .     (no shield)
rPois  .         Spirit   .     (helmet restricted)
rElec  .         Dismiss  .     (no cloak)
rCorr  .         Reflect  .     (gloves unavailable)
SustAt .         Harm     .     (boots unavailable)
MR     .....                    (no amulet)
Stlth  +.........               (no ring)
                                (no ring)

@: drained, not resistant to hostile enchantments, very unstealthy
A: unfitting armour, claws 3, fast metabolism 3, gourmand, regeneration 2,
shaggy fur 1, tough skin 2
a: no special abilities


You were on level 6 of the Dungeon.
You were very full.

You visited 1 branch of the dungeon, and saw 4 of its levels.

You collected 66 gold pieces.

Inventory:

Missiles
 b - 20 stones (quivered)
Armour
 a - a +0 robe (worn)
Books
 c - a book of Geomancy

   Spells                             Type                      Level
   a - Sandblast                      Earth                        1
   b - Passwall                       Transmutation/Earth          2
   c - Stone Arrow                    Conjuration/Earth            3
   d - Petrify                        Transmutation/Earth          4
   e - Lee's Rapid Deconstruction     Earth                        5
Comestibles
 d - 2 bread rations
 g - a meat ration


   Skills:
 - Level 1.5(1.3) Dodging
 - Level 1.1(0.8) Stealth
 + Level 2.3(2.0) Unarmed Combat
 - Level 1.2(1.0) Spellcasting
   Level 0.6(0.3) Transmutations
 - Level 2.6(2.4) Earth Magic


You had 2 spell levels left.
You knew the following spells:

 Your Spells              Type           Power        Failure   Level  Hunger
a - Sandblast             Erth           #.....       14%         1    ##.....


Dungeon Overview and Level Annotations

Branches:
Dungeon (3/15)

Altars:
Ashenzari
Nemelex Xobeh
Trog


Innate Abilities, Weirdness & Mutations

You are too large for most types of armour.
You have claws for hands.
Your metabolism is lightning-fast.
You like to eat raw meat.
You heal very quickly.
You are covered in fur (AC +1).
You have very tough skin (AC +2).


Message History

The scroll dissolves into smoke.
It was a scroll of fog.
The giant cockroach bites you.
Unknown command.
You claw the giant cockroach!
You kill the giant cockroach!
The giant frog hits you.
You closely miss the giant frog. The giant frog closely misses you.
You closely miss the giant frog. The giant frog closely misses you.
The giant frog hits you.
You barely miss the giant frog. The giant frog barely misses you.
You closely miss the giant frog. The giant frog barely misses you.
The wight barely misses you. The giant frog closely misses you.
Unknown command.
You closely miss the giant frog. The giant frog hits you.
The wight hits you with a war axe of freezing.
* * * LOW HITPOINT WARNING * * *
You feel drained.
* * * LOW HITPOINT WARNING * * *
The wight freezes you.
You die...

######## #......#
#......# #......#
#......# ##......# #
...........§#####....
...........§F@z§§.z..
...........§#####....
............# .
............#
............#
............#
........# .......


You could see a giant frog and a wight.

Vanquished Creatures
  A shadow imp (D:6)
  3 giant cockroaches
  2 goblins
  2 hobgoblins
  A kobold (D:2)
  2 rats (D:2)
11 creatures vanquished.

Notes
Turn   | Place    | Note
--------------------------------------------------------------
     0 | D:1      | 4thArraOfDagon the Troll Earth Elementalist began the quest for the Orb.
     0 | D:1      | Reached XP level 1. HP: 16/16 MP: 1/1
   111 | D:2      | Found a sparkling altar of Nemelex Xobeh.
   144 | D:2      | Reached skill level 1 in Unarmed Combat
   281 | D:2      | Found a shattered altar of Ashenzari.
   281 | D:2      | Found a bloodstained altar of Trog.
   442 | D:2      | Reached XP level 2. HP: 24/24 MP: 2/2
   443 | D:2      | FUCK
   470 | D:3      | You fall through a shaft for 3 floors!
   481 | D:6      | Noticed a giant frog
   488 | D:6      | Noticed a wight
   496 | D:6      | Slain by a wight

Vault maps used:
D:1:      lightli_arrival_farm
D:2:      nicolae_overflow_hidden_temple, gammafunk_temple_overflow_elements,
          nemelex_xobeh_ov_fountains_minmay
D:3:      nicolae_ru_path_of_blood, lemuel_crystal_altar, fedhas_altar_1,
          uniq_sigmund
D:6:      uniq_crazy_yiuf_cottage

Skill      XL: |  1  2 |
---------------+-------+-----
Unarmed Combat | 1 2 |  2.3
Dodging        | |  1.5
Stealth        | |  1.1
Spellcasting   | |  1.2
Transmutations | |  0.6
Earth Magic    | |  2.6

Action                   || total
-------------------------++-------
Melee: Unarmed           ||    31
  Use: Scroll            ||     2
 Stab: Sleeping          ||     2
  Eat: Chunk             ||     9
Armor: Robe              ||    15
Dodge: Dodged            ||    16
